 Dungeon Crawl Stone Soup version 0.29.0-13-gc9e81de378 (webtiles) character file.

Game seed: 17004077326233288325

55 groovy9 the Chopper (level 3, -4/29 (31) HPs)
             Began as a Minotaur Berserker on Sept 8, 2022.
             Was a Follower of Trog.
             Slain by Terence
             ... wielding the +7 Throatcutter {drain, coup de grace}
              (17 damage)
             ... on level 2 of the Dungeon.
             The game lasted 00:03:32 (2141 turns).

groovy9 the Chopper (Minotaur Berserker)            Turns: 2141, Time: 00:03:33

HP:   -4/29 (31)    AC:  5    Str: 23    XL:     3   Next: 67%
MP:   2/2           EV: 12    Int:  4    God:    Trog [*.....]
Gold: 140           SH:  0    Dex:  9    Spells: 2/2 levels left

rFire   . . .      SeeInvis .   a - +1 hand axe
rCold   . . .      Faith    .   (no shield)
rNeg    . . .      Spirit   .   b - +0 animal skin
rPois   .          Reflect  .   (helmet restricted)
rElec   .          Harm     .   e - +1 cloak
rCorr   .          Rampage  .   c - +0 pair of gloves
Will    ++...                   (no boots)
Stlth   +.........              (no amulet)
HPRegen 1.09/turn               (no ring)
MPRegen 0.08/turn               (no ring)

@: strong-willed, regenerating, drained
A: horns 2, retaliatory headbutt
a: Renounce Religion, Berserk


You were on level 2 of the Dungeon.
You worshipped Trog.
Trog was aware of your devotion.
You visited 1 branch of the dungeon, and saw 3 of its levels.

You collected 140 gold pieces.

Inventory:

Hand Weapons
 a - a +1 hand axe (weapon)
Armour
 b - a +0 animal skin (worn)
 c - a +0 pair of gloves (worn)
 e - a +1 cloak (worn)
Scrolls
 h - a scroll of brand weapon {unknown}
 i - a scroll of teleportation
Potions
 d - a potion of curing {unknown}
 f - a potion of ambrosia {unknown}
 g - a potion of berserk rage {unknown}
 j - a potion of mutation {unknown}


   Skills:
 - Level 3.6 Fighting
 + Level 5.7 Axes
 - Level 2.4 Armour
 - Level 2.1 Dodging


You had 2 spell levels left.
You didn't know any spells.
Your spell library was empty.

Dungeon Overview and Level Annotations

Branches:
Dungeon (3/15)

Altars:

Shops:
D:2 ?

Annotations:
D:2 Terence


Innate Abilities, Weirdness & Mutations

You have a pair of horns on your head.
You reflexively headbutt those who attack you in melee.


Message History

No target in view!
No target in view!
You see here a worm corpse.
There is a shaft here.
There is a shaft here.
There is a shaft here.
There is a shaft here.
Found a stone staircase leading down.
You now have 129 gold pieces (gained 18).
i - a scroll of teleportation
Found a stone staircase leading down.
You now have 140 gold pieces (gained 11).
j - a glowing clear potion
Found a stone staircase leading up.
Terence the Incautious comes into view.
He is wielding the +7 Throatcutter {drain, coup de grace}.
Terence shouts!
You hit Terence but do no damage. You headbutt Terence.
Terence is lightly wounded.
Terence closely misses you.
You closely miss Terence. You headbutt Terence!
Terence is moderately wounded.
Terence hits you with the +7 Throatcutter {drain, coup de grace}.
You feel drained.
You barely miss Terence. Your headbutt misses Terence.
Terence is moderately wounded.
Terence barely misses you.
You completely miss Terence.
Terence is moderately wounded.
Terence hits you with the +7 Throatcutter {drain, coup de grace}!
You feel drained.
You are too injured to fight recklessly!
You are too injured to fight recklessly!
You are too injured to fight recklessly!
Your skin crawls.
You feel strong-willed.
You can no longer call upon Trog for regeneration and willpower.
Terence shouts, "Get ready for death!"
Terence hits you with the +7 Throatcutter {drain, coup de grace}!
Ouch! That really hurt!
You die...

#......# #...#..........
#......# #...#.#.###.###
#......#####..............
#............>.#.#.##..###
#......#####...#.#.##..###
............#...#.#........
############.#...#.####..###
########.#...#.........)
......@@<#...###########
.#######.#... ... #.# ###
#.# # #.# ####### #.# #
#...... ... #.#.##### ..
...#.#.##### #......†...


You could see Terence.

Vanquished Creatures
  An adder (D:2)
  2 worms (D:2)
  6 ball pythons (D:1)
  A bat (D:1)
  5 endoplasms
  3 giant cockroaches
  3 hobgoblins
  2 quokkas (D:1)
  4 frilled lizards
  4 goblins
  4 kobolds
  A rat (D:2)
36 creatures vanquished.

Notes
Turn   | Place    | Note
-------+----------+-------------------------------------------
     0 | D:1      | groovy9 the Minotaur Berserker began the quest for the Orb.
     0 | D:1      | Reached XP level 1. HP: 19/19 MP: 0/0
   223 | D:1      | Reached skill level 4 in Axes
   291 | D:1      | Reached XP level 2. HP: 26/26 MP: 1/1
   831 | D:1      | Reached skill level 5 in Axes
  1180 | D:2      | Reached XP level 3. HP: 31/31 MP: 2/2
  1325 | D:2      | Found a faded altar of an unknown god.
  1371 | D:2      | Found Leocvapo's Magic Scroll Shop.
  1534 | D:2      | Reached ** piety under Trog
  1643 | D:2      | You fall into a shaft and drop 1 floor!
  2135 | D:2      | Noticed Terence
  2141 | D:2      | Slain by Terence

Illustrated notes

Levels and vault maps discovered:
D:1:      eino_arrival_cavern_b, layout_basic, roderic_lattice_a,
          minmay_hexomino_u4
D:2:      layout_basic, ebering_ecumenical_altar_box, serial_shops, shop,
          nicolae_wormholes, uniq_terence
D:3:      cheibrodos_helix_gallery, layout_rooms, grunt_temple_overflow_open,
          serial_corexii_hall, chequers_hall_statues_wall_a,
          corexii_hall_statues_deadend, chequers_hall_statues_wall_a,
          glass_columns_a, minmay_unequal

Skill      XL: |  1  2 |
---------------+-------+-----
Axes           | 4 5 |  5.7
Fighting       | |  3.6
Armour         | |  2.4
Dodging        | |  2.1

Action                   || total
-------------------------++-------
Melee: Hand axe          ||    75
       Headbutt          ||    10
Invok: Trog's Hand       ||     1
  Use: Scroll            ||     6
Armor: Animal skin       ||    17
Dodge: Dodged            ||    46
